 Dungeon Crawl Stone Soup version 0.28-a0-124-g73ec313a74 (webtiles) character file.

Game seed: 8539989855679834378

252 octoduck the Firebug (level 5, 0/29 HPs)
             Began as a Deep Elf Fire Elementalist on Aug 14, 2021.
             Slain by an ufetubus (1 damage)
             ... on level 2 of the Dungeon.
             The game lasted 00:09:34 (4991 turns).

octoduck the Firebug (Deep Elf Fire Elementalist)   Turns: 4991, Time: 00:09:35

Health: 0/29       AC:  3    Str:  5    XL:     5   Next: 89%
Magic:  10/11      EV: 12    Int: 21    God:
Gold:   165        SH:  0    Dex: 15    Spells: 6/10 levels left

rFire   . . .      SeeInvis .   m - +3 hand axe
rCold   . . .      Faith    .   (no shield)
rNeg    . . .      Spirit   .   a - +0 robe
rPois   .          Reflect  .   k - +0 helmet
rElec   .          Harm     .   (no cloak)
rCorr   .          Rampage  .   (no gloves)
Will    .....                   (no boots)
Stlth   ++........              (no amulet)
HPRegen 0.09/turn               (no ring)
MPRegen 0.12/turn               (no ring)

@: no status effects
A: no striking features
a: no special abilities


You were on level 2 of the Dungeon.
You visited 1 branch of the dungeon, and saw 4 of its levels.

You collected 165 gold pieces.

Inventory:

Hand Weapons
 b - a +0 dagger
 m - a +3 hand axe (weapon)
Missiles
 j - a throwing net
Armour
 a - a +0 robe (worn)
 k - a +0 helmet (worn)
Jewellery
 i - an amulet of faith
Potions
 c - a potion of flight {unknown}
 d - a potion of brilliance {unknown}
 e - a potion of ambrosia {unknown}
 g - a potion of mutation
 h - 2 potions of lignification {unknown}
 l - a potion of heal wounds {unknown}


   Skills:
 - Level 1.5 Fighting
 - Level 2.4 Dodging
 - Level 2.4 Stealth
 - Level 3.0 Spellcasting
 + Level 4.2 Conjurations
 + Level 5.3 Fire Magic


You had 6 spell levels left.
You knew the following spells:

 Your Spells              Type           Power      Damage    Failure   Level
a - Foxfire               Conj/Fire      92%        2x1d8     1%          1
b - Conjure Flame         Conj/Fire      23%        6-21      5%          3

Your spell library contained the following spells:

 Spells                   Type           Power      Damage    Failure   Level
 Inner Flame              Hex/Fire       14%        N/A       13%         3
 Sticky Flame             Conj/Fire      23%        2d4       19%         4
 Fireball                 Conj/Fire      11%        3d7       45%         5


Dungeon Overview and Level Annotations

Branches:
Dungeon (4/15)
 Temple: D:4-7

Altars:


Message History

The ufetubus hits you. The ufetubus closely misses you. The ufetubus hits you.
* * * LOW HITPOINT WARNING * * *
The ufetubus closely misses you.
You climb upwards.
There is a stone staircase leading down here.
The ufetubus hits you.
* * * LOW HITPOINT WARNING * * *
The ufetubus closely misses you. The ufetubus barely misses you.
The ufetubus closely misses you.
You feel better.
The ufetubus hits you but does no damage. x2
The ufetubus misses you. The ufetubus closely misses you.
The ufetubus misses you. The ufetubus hits you.
You see here a +0 dagger.
Casting: Foxfire (safe; 1% risk of failure)
Confirm with . or Enter, or press ? or * to list all spells.
You conjure some foxfire!
The ufetubus misses you. The ufetubus closely misses you.
The ufetubus barely misses you. The ufetubus hits you.
The foxfire hits the ufetubus.
The ufetubus is lightly wounded.
The foxfire hits the ufetubus.
The ufetubus is moderately wounded.
The ufetubus hits you. The ufetubus barely misses you.
The ufetubus hits you but does no damage.
The ufetubus hits you.
* * * LOW HITPOINT WARNING * * *
The ufetubus barely misses you. The ufetubus hits you.
* * * LOW HITPOINT WARNING * * *
The ufetubus completely misses you. The ufetubus barely misses you.
Casting: Foxfire (safe; 1% risk of failure)
Confirm with . or Enter, or press ? or * to list all spells.
You conjure some foxfire!
The ufetubus barely misses you. The ufetubus hits you.
* * * LOW HITPOINT WARNING * * *
The foxfire hits the ufetubus but does no damage.
The foxfire hits the ufetubus.
The ufetubus is burned terribly!
The ufetubus is heavily wounded.
The ufetubus hits you.
You die...

###.# #.###################
#....>.......)......#
##############.##.#.#
#.##.#.####### #.##.........####
###########.##...##.......#
#..........5##...##.......##
######.########.@##...##.......#.
#...##.# #.ยง##...##.........
#...##.# #...#...##.......##
.......########.#.#...##.......##
............#.>.#................
.......##.....#####...##.#...###.
#...#..##.#.#...#...........####.
#...#........(..#.##.............
##.##.###.#.###...##..##.#.......


You could see an ufetubus.

Vanquished Creatures
  A scorpion (D:3)
  3 orc priests (D:3)
  A hound skeleton (D:2)
  Robin (D:2)
  A worm (D:2)
  2 dart slugs
  3 orcs (D:2)
  4 bats (D:1)
  5 endoplasms
  A giant cockroach (D:3)
  12 goblins
  10 hobgoblins
  5 jackals (D:1)
  2 quokkas (D:1)
  2 ball pythons
  2 frilled lizards
  4 kobolds
  6 rats
65 creatures vanquished.

Vanquished Creatures (others)
  187 foxfires
  6 fungi (D:2)
  7 plants (D:2)
200 creatures vanquished.

Grand Total: 265 creatures vanquished

Notes
Turn   | Place    | Note
-------+----------+-------------------------------------------
     0 | D:1      | octoduck the Deep Elf Fire Elementalist began the quest for
                  | the Orb.
     0 | D:1      | Reached XP level 1. HP: 10/10 MP: 6/6
   320 | D:1      | Reached XP level 2. HP: 15/15 MP: 4/8
  1398 | D:1      | Reached XP level 3. HP: 18/20 MP: 5/9
  1992 | D:2      | Reached skill level 1 in Fighting
  1992 | D:2      | Reached skill level 4 in Fire Magic
  2233 | D:2      | Learned a level 3 spell: Conjure Flame
  2355 | D:2      | Noticed Robin
  2400 | D:2      | Killed Robin
  2401 | D:2      | Reached XP level 4. HP: 8/25 MP: 5/10
  2932 | D:2      | Found a faded altar of an unknown god.
  3782 | D:3      | Noticed a scorpion
  3808 | D:3      | Killed a scorpion
  3809 | D:3      | Reached XP level 5. HP: 16/29 MP: 6/11
  4117 | D:3      | Reached skill level 5 in Fire Magic
  4605 | D:3      | Noticed an orc warrior
  4930 | D:4      | Noticed a phantom
  4990 | D:2      | HP: 1/29 [ufetubus (3)]
  4991 | D:2      | Slain by an ufetubus

Illustrated notes

Levels and vault maps discovered:
D:1:      minmay_arrival_split_and_join, layout_basic
D:2:      layout_loops_ring, shapermc_ecumenical_altar_mp_urbaneastern,
          uniq_robin
D:3:      layout_loops_ring
D:4:      layout_basic, ebering_ghost_reflecting_pool, grunt_ministairs_7

Skill      XL: |  1  2  3  4  5 |
---------------+----------------+-----
Conjurations   | 2 3 4 |  4.2
Fighting       | 1 |  1.5
Fire Magic     | 4 5 |  5.3
Dodging        | |  2.4
Stealth        | |  2.4
Spellcasting   | |  3.0

Action                   |  1- 3 |  4- 6 || total
-------------------------+-------+-------++-------
 Cast: Foxfire           |    65 |    52 ||   117
  Use: Scroll            |     3 |     3 ||     6
       Potion            |       |     1 ||     1
Armor: Robe              |    10 |     6 ||    16
Dodge: Dodged            |    22 |    50 ||    72

Table legend: (Time is in decaauts)
 A = Elapsed time spent in this place.
 B = Non-inter-level travel time spent in this place.
 C = Inter-level travel time spent in this place.
 D = Time resting spent in this place.
 E = Time spent auto-exploring this place.
 F = Levels seen in this place.
 G = Mean time per level.
                   A        B        C        D        E       F      G
               +--------+--------+--------+--------+--------+-----+--------+
         Total |   4994 |   4734 |    260 |   1770 |   2157 |   4 | 1248.5 |
       Dungeon |   4994 |   4734 |    260 |   1770 |   2157 |   4 | 1248.5 |
               +--------+--------+--------+--------+--------+-----+--------+

Top non-repeatable levels by time:
     D:1: 2026 daAuts
     D:3: 1488 daAuts
     D:2: 1475 daAuts
     D:4: 4 daAuts
